 Dungeon Crawl Stone Soup version 0.28-a0-1152-g9c71ebef14 (webtiles) character file.

Game seed: 3617830112772538204

30 spaghetti the Sneak (level 3, -1/27 HPs)
             Began as an Octopode Delver on Dec 14, 2021.
             Succumbed to a water moccasin's poison
             ... on level 7 of the Dungeon.
             The game lasted 00:00:55 (302 turns).

spaghetti the Sneak (Octopode Delver)                Turns: 302, Time: 00:00:55

Health: -1/27      AC:  1    Str: 11    XL:     3   Next: 18%
Magic:  3/3        EV: 13    Int: 14    God:
Gold:   21         SH:  0    Dex: 13    Spells: 2/2 levels left

rFire   . . .      SeeInvis .   a - +0 hand axe {axe}
rCold   . . .      Faith    .   (no shield)
rNeg    . . .      Spirit   .   (helmet restricted)
rPois   .          Reflect  .   (no amulet)
rElec   .          Harm     .   h - ring of wizardry
rCorr   .          Rampage  .   (no ring)
Will    .....                   (no ring)
Stlth   ++++......              (no ring)
HPRegen 0.09/turn               (no ring)
MPRegen 0.08/turn               (no ring)
                                (no ring)
                                (no ring)

@: lethally poisoned (-1 -> -10)
A: almost no armour, amphibious, 8 rings, camouflage 1, gelatinous body 1,
(nimble swimmer 1), tentacles
a: no special abilities


You were on level 7 of the Dungeon.
You visited 1 branch of the dungeon, and saw 3 of its levels.

You collected 21 gold pieces.


Innate Abilities, Weirdness & Mutations

You cannot wear most types of armour.
You are amphibious.
You can wear up to eight rings at the same time.
Your skin changes colour to match your surroundings (Stealth+).
Your rubbery body absorbs attacks. (AC +1, EV +1)
((You are camouflaged near water. (Stealth+)))
You have tentacles for arms and can constrict up to eight enemies at once.


   Skills:
 + Level 4.2 Fighting
 - Level 2.0 Axes
 - Level 2.0 Dodging
 - Level 6.6 Stealth


You had 2 spell levels left.
You didn't know any spells.
Your spell library was empty.

Inventory:

Hand Weapons
 a - a +0 hand axe (weapon) {axe}
Missiles
 g - 6 boomerangs of dispersal (quivered) {=f!fthrowing}
Jewellery
 h - a ring of wizardry (left tentacle)
   (You found it on level 7 of the Dungeon)
Wands
 f - a wand of digging (3)
Scrolls
 b - a scroll of fog
 c - a scroll of magic mapping {!r}
 i - a scroll of amnesia
Potions
 e - a potion of haste {@q3}

Dungeon Overview and Level Annotations

Branches:
Dungeon (7/15)
 Temple: D:4-7

Altars:

##(.............#
##..............##
##..............##
#..............##
#..........##.##
#.S.....###<#
##.....## #.#
.#.###...## #.#
.......@######.#
...............#
...#############
##


You could see a water moccasin (fleeing).


Message History

😨 HP[+4] MP[+2]
You now have 27 max hp (+11).
You regained 4 hp, and now have 10/27 hp.
Your mp is fully restored (3).
You start resting.
An ogre comes into view.
It is wielding a +0 giant spiked club. 😨 HP[+1]
Okay, then.
Really fire
g - 6 boomerangs of dispersal {=f!fthrowing}?
Unknown command.
Unknown command.
You see here a +0 ring mail. 😨 HP[+1]
There is a stone staircase leading down here.
You climb downwards.
There is a stone staircase leading up here.
Unknown command.
Unknown command.
Unknown command.
Unknown command.
You start resting. 😎 HP[+15]
Your hp is fully restored (27).
i - a scroll labelled RELOMP SUUDEE
As you read the scroll labelled FAAXZOS PIFFARGH, it crumbles to dust.
It is a scroll of identify.
i - a scroll of amnesia Unknown command.
Unknown command.
You open the door.
There is an open door here.
Found a stone staircase leading down.
You now have 3 gold pieces.
An ogre comes into view. It is wielding a +0 giant club.
There is a stone staircase leading down here.
You climb downwards.
There is a stone staircase leading up here.
Unknown command.
Unknown command.
Unknown command.
A water moccasin comes into view.
You see here a ring of wizardry.
h - a ring of wizardry
h - a ring of wizardry (left tentacle) Unknown command.
Unknown command.
You now have 21 gold pieces (gained 18).
A water moccasin is nearby!
There is a stone staircase leading up here.
There is a stone staircase leading up here.
A shadow imp comes into view.
The helpless water moccasin fails to defend itself.
You hit the water moccasin. Your grab misses the water moccasin.
Your squeeze misses the water moccasin. The water moccasin misses you.
The water moccasin barely misses you.
You completely miss the water moccasin. Your grab misses the water moccasin.
The water moccasin closely misses you. The water moccasin misses you.
You closely miss the water moccasin. Your grab misses the water moccasin.
Your squeeze misses the water moccasin. The water moccasin bites you.
You are poisoned.
The water moccasin poisons you! The water moccasin misses you. 😕 HP[-4]
You take 4 damage, and now have 23/27 hp.
Unknown command.
You hit the water moccasin. Your grab misses the water moccasin.
You feel very sick. The water moccasin bites you.
You are lethally poisoned!
The water moccasin poisons you! 😮 HP[-4]
You take 4 damage, and now have 19/27 hp.
Unknown command.
Unknown command.
Okay, then.
Okay, then.
Okay, then.
You hit the water moccasin. Your grab misses the water moccasin.
Your squeeze misses the water moccasin.
You feel very sick. The water moccasin closely misses you.
The water moccasin bites you!
* * * LOW HITPOINT WARNING * * *
😱 HP[-13]
You take 13 damage, and now have 6/27 hp.
MASSIVE DAMAGE!! (PAUSE) Unknown command.
As you read the scroll of fear, it crumbles to dust.
You assume a fearsome visage.
The water moccasin looks frightened!
* * * LOW HITPOINT WARNING * * *
You feel very sick. 😱 HP[-3]
You take 3 damage, and now have 3/27 hp.
Unknown command.
Unknown command.
* * * LOW HITPOINT WARNING * * *
You feel sick. 😱 HP[-2]
You take 2 damage, and now have 1/27 hp.
Okay, then.
Okay, then.
You die...

Skill      XL: |  1 |
---------------+----+-----
Fighting       | 4 |  4.2
Axes           | |  2.0
Dodging        | |  2.0
Stealth        | |  6.6

Action                   || total
-------------------------++-------
Melee: Hand axe          ||     8
       Constrict         ||     1
       Tentacles         ||     1
  Use: Scroll            ||     2
 Stab: Sleeping          ||     1
Dodge: Dodged            ||     8

Levels and vault maps discovered:
D:5:      layout_basic, serial_shops, shop, minmay_misc_feat_square
D:6:      layout_gridville, uniq_edmund
D:7:      layout_loops_ring, ebering_ghost_rock_garden

Notes
Turn   | Place    | Note
-------+----------+-------------------------------------------
     0 | D:5      | spaghetti the Octopode Delver began the quest for the Orb.
     0 | D:5      | Reached XP level 1. HP: 16/16 MP: 1/1
     0 | D:5      | magus.rc [v1.9.6]
    15 | D:5      | Noticed a hound
    23 | D:5      | Killed a hound
    24 | D:5      | Reached skill level 4 in Fighting
    24 | D:5      | Reached XP level 2. HP: 8/22 MP: 2/2
    24 | D:5      | Reached XP level 3. HP: 10/27 MP: 3/3
    31 | D:5      | Noticed an ogre
   241 | D:6      | Noticed an ogre
   249 | D:7      | Noticed a water moccasin
   299 | D:7      | HP: 6/27 [water moccasin (8)]
   301 | D:7      | HP: 1/27 [poisoned by a water moccasin]
   302 | D:7      | Succumbed to a water moccasin's poison

Vanquished Creatures
  A hound (D:5)
1 creature vanquished.

Table legend:
 A = Non-vault XP
 B = Vault XP
 C = Vault XP percentage of total XP
 D = Non-vault monster count
 E = Vault monster count
 F = Vault count percentage of total count
                 A         B        C        D         E       F
            +---------+---------+-------+---------+---------+-------
      Total |      43 |       0 |   0.0 |       1 |       0 |   0.0
            +---------+---------+-------+---------+---------+-------
        D:5 |      43 |       0 |   0.0 |       1 |       0 |   0.0
            +---------+---------+-------+---------+---------+-------

Illustrated notes

Table legend:
 A = Kills in this place as a percentage of kills in entire the game.
 B = Kills by you in this place as a percentage of kills by you in the entire game.
 C = Kills by friends in this place as a percentage of kills by friends in the entire game.
 D = Other kills in this place as a percentage of other kills in the entire game.
 E = Experience gained in this place as a percentage of experience gained in the entire game.
 F = Experience gained in this place divided by the number of levels of this place that you have seen.
                   A       B       C       D       E      F
               +-------+-------+-------+-------+-------+----------------------
         Total | 100.0 | 100.0 |   N/A |   N/A | 100.0 |  14.3
       Dungeon | 100.0 | 100.0 |   N/A |   N/A | 100.0 |  14.3
               +-------+-------+-------+-------+-------+----------------------

Table legend: (Time is in decaauts)
 A = Elapsed time spent in this place.
 B = Non-inter-level travel time spent in this place.
 C = Inter-level travel time spent in this place.
 D = Time resting spent in this place.
 E = Time spent auto-exploring this place.
 F = Levels seen in this place.
 G = Mean time per level.
                   A        B        C        D        E       F      G
               +--------+--------+--------+--------+--------+-----+--------+
         Total |    302 |    302 |      0 |    167 |     62 |   3 |  100.7 |
       Dungeon |    302 |    302 |      0 |    167 |     62 |   3 |  100.7 |
               +--------+--------+--------+--------+--------+-----+--------+

Top non-repeatable levels by time:
     D:6: 198 daAuts
     D:7: 55 daAuts
     D:5: 48 daAuts
